[Event "8th RTU Open 2018"]
[Site "Riga"]
[Date "2018.08.08"]
[Round "4"]
[White "Pershin, Denis"]
[Black "Gorodetzky, Matan"]
[Result "0-1"]
[ECO "A40"]
[WhiteElo "2403"]
[BlackElo "2231"]
[Annotator "NA"]
[PlyCount "117"]
[EventDate "2018.08.06"]
[EventType "swiss"]
[EventCountry "LAT"]
[SourceTitle "playchess.com"]
[Source "ChessBase"]
[SourceQuality "1"]
[TimeControl "5400+30"]

1. d4 e6 2. Bf4 d5 3. e3 Nf6 4. Nd2 c5 5. c3 Nc6 6. Ngf3 cxd4 7. exd4 Nh5 8. Be3 Bd6 9. g3 O-O 10. Ne5 g6 11. Nd3 f6 12. Bg2 Ne7 13. f4 b6 14. O-O Ba6 15. Nf3 Qd7 16. Re1 Ng7 17. Bf2 Rae8 18. a4 Qc7 19. Qd2 Bc4 20. Reb1 Rc8 21. Be1 Nef5 22. b3 Ba6 23. Rc1 Be7 24. Qe2 Nd6 25. Nd2 Qd7 26. a5 Bb5 27. axb6 axb6 28. Qf3 Rc7 29. Bf2 Rfc8 30. Nb2 h5 31. Rc2 Nb7 32. c4 Bb4 33. Qd3 Nf5 34. Rac1 Ba6 35. Na4 Ba5 36. Qf3 dxc4 37. d5 cxb3 38. Rxc7 Rxc7 39. Rxc7 Qxc7 40. Nxb3 Qc2 41. h3 Bc4 42. dxe6 Qxb3 43. Qxb7 Bxe6 44. Qc6 Kg7 45. g4 hxg4 46. hxg4 Ne3 47. Qc7+ Bf7 48. g5 Nxg2 49. gxf6+ Kh6 50. Kxg2 Qd5+ 51. Kg3 Qd3+ 52. Kh2 Qd5 53. Qc8 Bg8 54. Qf8+ Kh5 55. Qg7 Qd2 56. Qh8+ Kg4 57. Qh4+ Kf3 58. Qg3+ Ke2 59. Nxb6 0-1

[Event "8th RTU Open 2018"]
[Site "Riga"]
[Date "2018.08.08"]
[Round "4"]
[White "Martin, Julian"]
[Black "Valner, Uku"]
[Result "1/2-1/2"]
[ECO "C17"]
[WhiteElo "2392"]
[BlackElo "2227"]
[Annotator "NA"]
[PlyCount "77"]
[EventDate "2018.08.06"]
[EventType "swiss"]
[EventCountry "LAT"]
[SourceTitle "playchess.com"]
[Source "ChessBase"]
[SourceQuality "1"]
[TimeControl "5400+30"]

1. e4 e6 2. d4 d5 3. Nc3 Bb4 4. e5 c5 5. a3 Ba5 6. b4 cxd4 7. Qg4 Ne7 8. bxa5 dxc3 9. Qxg7 Rg8 10. Qxh7 Nbc6 11. Nf3 Qc7 12. Bf4 Bd7 13. a6 b6 14. Bg3 O-O-O 15. Bd3 Rdf8 16. Qh6 Na5 17. Qf4 Qc5 18. Qb4 Nac6 19. Qf4 d4 20. Be4 Qc4 21. Rd1 Qxa6 22. Nxd4 Nxd4 23. Rxd4 Bb5 24. a4 Rd8 25. Bd3 Bxd3 26. cxd3 Nf5 27. Rc4+ Kb8 28. Qe4 Rc8 29. Rxc8+ Rxc8 30. O-O Rd8 31. Rc1 Qxd3 32. Qxd3 Rxd3 33. Kf1 Nd4 34. Bf4 Nb3 35. Rc2 Nd4 36. Rc1 Nb3 37. Rc2 Nd4 38. Rc1 Nb3 39. Rc2 1/2-1/2

[Event "8th RTU Open 2018"]
[Site "Riga"]
[Date "2018.08.08"]
[Round "4"]
[White "Krupenski, Juri"]
[Black "Holland, James P"]
[Result "1/2-1/2"]
[ECO "D85"]
[WhiteElo "2390"]
[BlackElo "2212"]
[Annotator "NA"]
[PlyCount "134"]
[EventDate "2018.08.06"]
[EventType "swiss"]
[EventCountry "LAT"]
[SourceTitle "playchess.com"]
[Source "ChessBase"]
[SourceQuality "1"]
[TimeControl "5400+30"]

1. d4 Nf6 2. c4 g6 3. Nc3 d5 4. cxd5 Nxd5 5. g3 Bg7 6. Bg2 Nxc3 7. bxc3 c5 8. e3 Qa5 9. Ne2 cxd4 10. exd4 O-O 11. O-O Nd7 12. Qb3 Nb6 13. Nf4 e5 14. dxe5 Qxe5 15. Ba3 Re8 16. Rac1 Rb8 17. c4 Bf5 18. Rfd1 Nc8 19. Bb4 Qb2 20. Re1 Ne7 21. Bd6 Rbd8 22. c5 Nc6 23. Nd5 Qxb3 24. axb3 Rxe1+ 25. Rxe1 Bf8 26. Nf6+ Kh8 27. Bxf8 Rxf8 28. Bxc6 bxc6 29. Re7 Be6 30. b4 Rb8 31. Re8+ Rxe8 32. Nxe8 Kg8 33. f3 Kf8 34. Nd6 Ke7 35. Kf2 a6 36. Ke3 Bd5 37. Kf4 f6 38. h4 Ke6 39. Ke3 Bb3 40. Kd4 Bd1 41. f4 Be2 42. Ke4 Bd1 43. Ne8 Ke7 44. Nc7 Kd7 45. Na8 Ke6 46. Nb6 Be2 47. Na4 Bd1 48. Nc3 Bc2+ 49. Ke3 Kf5 50. Ne2 Kg4 51. Kf2 Be4 52. Nd4 Bd5 53. Ne2 Bf3 54. Nc1 Be4 55. Nb3 Bh1 56. Nd4 Bd5 57. Ne2 Bf3 58. Nc3 Bh1 59. Kg1 Bf3 60. Kh2 h5 61. Nb1 Be4 62. Nd2 Bd5 63. Nb1 Be4 64. Nd2 Bd5 65. Nb1 Be4 66. Nd2 Bd5 67. Nb1 Kf3 1/2-1/2

[Event "8th RTU Open 2018"]
[Site "Riga"]
[Date "2018.08.08"]
[Round "4"]
[White "Gorbatov, Alexej"]
[Black "Meskovs, Nikita"]
[Result "0-1"]
[ECO "B44"]
[WhiteElo "2389"]
[BlackElo "2524"]
[Annotator "ChessBase"]
[PlyCount "54"]
[EventDate "2018.08.06"]
[EventType "swiss"]
[EventCountry "LAT"]
[SourceTitle "playchess.com"]
[Source "ChessBase"]
[SourceQuality "1"]
[TimeControl "5400+30"]

1. e4 c5 2. Nf3 e6 3. d4 cxd4 4. Nxd4 Nc6 5. Nb5 d6 6. c4 Nf6 7. N5c3 Be7 8. Be2 b6 9. O-O Bb7 10. Be3 O-O 11. Nd2 Rc8 12. Qa4 Nd7 13. b4 a6 14. Rac1 Bf6 15. Rfd1 Qe7 16. Nf1 Nce5 17. Qb3 Ng6 18. Ng3 Be5 19. Nh5 Qh4 20. g3 Qh3 21. f4 Nh4 22. Bf1 Nf3+ 23. Kf2 Qxh5 24. fxe5 Qxh2+ 25. Bg2 Nfxe5 26. Bf4 Ng4+ 27. Kf1 e5 0-1

[Event "8th RTU Open 2018"]
[Site "Riga"]
[Date "2018.08.08"]
[Round "4"]
[White "Seyb, Alexander"]
[Black "Kerem, Halil Ozgun"]
[Result "1/2-1/2"]
[ECO "B90"]
[WhiteElo "2383"]
[BlackElo "2194"]
[Annotator "NA"]
[PlyCount "59"]
[EventDate "2018.08.06"]
[EventType "swiss"]
[EventCountry "LAT"]
[SourceTitle "playchess.com"]
[Source "ChessBase"]
[SourceQuality "1"]
[TimeControl "5400+30"]

1. e4 c5 2. Nf3 d6 3. d4 cxd4 4. Nxd4 Nf6 5. Nc3 a6 6. a3 e5 7. Nf5 d5 8. Bg5 d4 9. Bxf6 gxf6 10. Nb1 Bxf5 11. exf5 Qd5 12. Qd3 Nc6 13. Nd2 Qa5 14. O-O-O Bh6 15. Qb3 O-O 16. Qh3 Bg5 17. Qg4 Kh8 18. h4 Bf4 19. Rh3 b5 20. Rb3 b4 21. g3 Bxd2+ 22. Rxd2 bxa3 23. Rxa3 Qb4 24. Qe4 Rab8 25. Qxc6 Qxb2+ 26. Kd1 Qxa3 27. Qxf6+ Kg8 28. Qg5+ Kh8 29. Qf6+ Kg8 30. Qg5+ 1/2-1/2

[Event "8th RTU Open 2018"]
[Site "Riga"]
[Date "2018.08.08"]
[Round "4"]
[White "Jackson, James P"]
[Black "Player, Edmund C"]
[Result "1-0"]
[ECO "C16"]
[WhiteElo "2380"]
[BlackElo "2194"]
[Annotator "NA"]
[PlyCount "89"]
[EventDate "2018.08.06"]
[EventType "swiss"]
[EventCountry "LAT"]
[SourceTitle "playchess.com"]
[Source "ChessBase"]
[SourceQuality "1"]
[TimeControl "5400+30"]

1. e4 e6 2. d4 d5 3. Nc3 Bb4 4. e5 Ne7 5. a3 Bxc3+ 6. bxc3 b6 7. Qg4 Ng6 8. h4 h5 9. Qd1 Ba6 10. Bxa6 Nxa6 11. Bg5 Qd7 12. Ne2 Qa4 13. Ng3 Qc4 14. Qf3 c5 15. Rd1 Nb8 16. Rh3 Nc6 17. Nxh5 Rh7 18. Nf4 Nxf4 19. Qxf4 Rc8 20. h5 cxd4 21. cxd4 Qxc2 22. Rc1 Qf5 23. g4 Qxf4 24. Bxf4 Kd7 25. Rhc3 Rhh8 26. Be3 f6 27. exf6 gxf6 28. f3 Ne7 29. Bf4 Nc6 30. Kf2 e5 31. dxe5 fxe5 32. Rxc6 Rxc6 33. Rxc6 Kxc6 34. Bxe5 Rh7 35. Ke3 Kc5 36. f4 Kc4 37. f5 d4+ 38. Bxd4 Re7+ 39. Kf4 Kxd4 40. f6 Re8 41. g5 Rf8 42. Kf5 b5 43. g6 Kd5 44. g7 Rd8 45. Kf4 1-0

[Event "8th RTU Open 2018"]
[Site "Riga"]
[Date "2018.08.08"]
[Round "4"]
[White "Sinz, Bernhard"]
[Black "Annaberdiev, Meilis"]
[Result "1-0"]
[ECO "B32"]
[WhiteElo "2377"]
[BlackElo "2509"]
[Annotator "ChessBase"]
[PlyCount "91"]
[EventDate "2018.08.06"]
[EventType "swiss"]
[EventCountry "LAT"]
[SourceTitle "playchess.com"]
[Source "ChessBase"]
[SourceQuality "1"]
[TimeControl "5400+30"]

1. e4 c5 2. Nf3 Nc6 3. d4 cxd4 4. Nxd4 Qb6 5. Nb3 Nf6 6. Nc3 e6 7. Qe2 Bb4 8. Bd2 a5 9. a4 O-O 10. O-O-O d5 11. e5 Bxc3 12. Bxc3 Ne4 13. Bd4 Nxd4 14. Rxd4 f6 15. exf6 Rxf6 16. f3 Nd6 17. g4 Bd7 18. g5 Rff8 19. g6 Rac8 20. gxh7+ Kh8 21. Kb1 Nf5 22. Rf4 e5 23. Qxe5 Rfe8 24. Qxd5 Re1+ 25. Ka2 Be6 26. Qb5 Qd6 27. Rxf5 Bxf5 28. Qxf5 Rf8 29. Qc5 Qf4 30. Qxa5 Qh4 31. Rg1 b6 32. Qa7 Qf6 33. a5 bxa5 34. Bd3 Re7 35. Qd4 a4 36. Qxa4 Qb6 37. Qd4 Qc7 38. Be4 Qxh2 39. Rd1 Qe2 40. Kb1 Ree8 41. Nc5 Qb5 42. Rg1 Re7 43. Ne6 Rd7 44. Qc3 Rb8 45. Nxg7 Rc7 46. Ne8+ 1-0

[Event "8th RTU Open 2018"]
[Site "Riga"]
[Date "2018.08.08"]
[Round "4"]
[White "Sirosh, Ilja"]
[Black "Pavlov, Sergey"]
[Result "0-1"]
[ECO "A13"]
[WhiteElo "2372"]
[BlackElo "2003"]
[Annotator "NA"]
[PlyCount "102"]
[EventDate "2018.08.06"]
[EventType "swiss"]
[EventCountry "LAT"]
[SourceTitle "playchess.com"]
[Source "ChessBase"]
[SourceQuality "1"]
[TimeControl "5400+30"]

1. c4 e6 2. g3 d5 3. Bg2 Nf6 4. Nf3 d4 5. e3 c5 6. exd4 cxd4 7. d3 Nc6 8. O-O Bd6 9. Na3 O-O 10. Re1 Re8 11. Nc2 e5 12. Bg5 Bf5 13. Nh4 Bd7 14. a3 h6 15. Bd2 Bg4 16. Qb1 Qd7 17. b4 Rac8 18. b5 Nb8 19. Nb4 g5 20. Nf3 Qf5 21. Qd1 Nbd7 22. Nxd4 exd4 23. f3 Rxe1+ 24. Bxe1 Bh5 25. g4 Nxg4 26. fxg4 Bxg4 27. Qc2 Bf3 28. Qf2 Ne5 29. Bd2 Qg4 30. Nd5 Qxg2+ 31. Qxg2 Bxg2 32. Kxg2 Nxd3 33. Kf3 Ne5+ 34. Ke4 Nxc4 35. Bb4 Kg7 36. Kd3 Bxb4 37. axb4 Nb6 38. Ne7 Rc3+ 39. Kxd4 Rc4+ 40. Kd3 Rc7 41. Nf5+ Kg6 42. Ne3 Rd7+ 43. Ke4 Nc8 44. Nc4 Nd6+ 45. Nxd6 Rxd6 46. Rxa7 b6 47. Rc7 Re6+ 48. Kd5 g4 49. Rc6 h5 50. Rxe6+ fxe6+ 51. Kc6 h4 0-1

[Event "8th RTU Open 2018"]
[Site "Riga"]
[Date "2018.08.08"]
[Round "4"]
[White "Shishkov, Andrei"]
[Black "Martinkus, Rolandas"]
[Result "1-0"]
[ECO "E35"]
[WhiteElo "2370"]
[BlackElo "2150"]
[Annotator "NA"]
[PlyCount "47"]
[EventDate "2018.08.06"]
[EventType "swiss"]
[EventCountry "LAT"]
[SourceTitle "playchess.com"]
[Source "ChessBase"]
[SourceQuality "1"]
[TimeControl "5400+30"]

1. d4 Nf6 2. c4 e6 3. Nc3 Bb4 4. Qc2 d5 5. cxd5 exd5 6. Bg5 h6 7. Bh4 c5 8. Nf3 g5 9. Bg3 g4 10. Ne5 Ne4 11. e3 Qa5 12. Bd3 Nxc3 13. O-O c4 14. Bg6 Ne4 15. Bxf7+ Kd8 16. Bg6 Be6 17. Bxe4 dxe4 18. d5 Bxd5 19. Rfd1 Ke8 20. Nxc4 Qb5 21. Nd6+ Bxd6 22. Qc8+ Kf7 23. Qf5+ Kg7 24. Bxd6 1-0

[Event "8th RTU Open 2018"]
[Site "Riga"]
[Date "2018.08.08"]
[Round "4"]
[White "Quillan, Gary"]
[Black "Luessmann, Thomas"]
[Result "1-0"]
[ECO "C02"]
[WhiteElo "2349"]
[BlackElo "2061"]
[Annotator "NA"]
[PlyCount "161"]
[EventDate "2018.08.06"]
[EventType "swiss"]
[EventCountry "LAT"]
[SourceTitle "playchess.com"]
[Source "ChessBase"]
[SourceQuality "1"]
[TimeControl "5400+30"]

1. e4 e6 2. d4 d5 3. e5 c5 4. Nf3 Bd7 5. dxc5 Bxc5 6. Bd3 Nc6 7. O-O Qc7 8. Bf4 Nge7 9. Nc3 a6 10. Bg3 Rc8 11. a3 Nd4 12. Re1 Ndf5 13. Bxf5 Nxf5 14. Qd2 O-O 15. Ne2 Bb5 16. Nf4 Be7 17. a4 Bd7 18. Nxd5 exd5 19. e6 Nxg3 20. exd7 Qxd7 21. hxg3 Bf6 22. c3 g6 23. Re3 Rfd8 24. Rd3 Rc4 25. b3 Rc5 26. Rd1 b5 27. axb5 axb5 28. Nd4 Rdc8 29. Ne2 Qc6 30. Rxd5 Bxc3 31. Rd8+ Kg7 32. Nxc3 Rxd8 33. Qxd8 Rxc3 34. Rd6 Rc1+ 35. Kh2 Qc3 36. Qg5 Qa1 37. g4 b4 38. Qe3 Rh1+ 39. Kg3 Rd1 40. Rxd1 Qxd1 41. Qe5+ Kg8 42. Qb8+ Kg7 43. Qxb4 h5 44. Qc3+ Kh7 45. gxh5 Qd6+ 46. Kh3 gxh5 47. Qf3 Qe6+ 48. Kh2 Kg6 49. Qd3+ Kg7 50. Qd4+ Kg6 51. b4 f5 52. Qf4 Qb6 53. Qg3+ Kf6 54. Qc3+ Kg6 55. Qg3+ Kf6 56. Qf4 Kg6 57. Kg3 Qc6 58. Qd4 Qc7+ 59. Kh3 Qc6 60. Qf4 Qb6 61. Qg3+ Kf6 62. Qh4+ Kg6 63. f4 Qxb4 64. Qg5+ Kf7 65. Qxh5+ Ke7 66. Qg5+ Kd6 67. Qf6+ Kc7 68. Qxf5 Qb3+ 69. g3 Qf3 70. Kh4 Kd8 71. g4 Ke7 72. Kg5 Qg3 73. Qf6+ Ke8 74. f5 Qh3 75. Qg7 Qf3 76. Qg8+ Ke7 77. Qe6+ Kf8 78. Qe5 Qf2 79. Kg6 Qc2 80. g5 Qd3 81. Qe6 1-0

[Event "8th RTU Open 2018"]
[Site "Riga"]
[Date "2018.08.08"]
[Round "4"]
[White "Narva, Mai"]
[Black "Zakhartsov, Viacheslav V"]
[Result "1/2-1/2"]
[ECO "E15"]
[WhiteElo "2320"]
[BlackElo "2544"]
[Annotator "ChessBase"]
[PlyCount "142"]
[EventDate "2018.08.06"]
[EventType "swiss"]
[EventCountry "LAT"]
[SourceTitle "playchess.com"]
[Source "ChessBase"]
[SourceQuality "1"]
[TimeControl "5400+30"]

1. d4 Nf6 2. c4 e6 3. Nf3 b6 4. g3 Ba6 5. b3 Bb4+ 6. Bd2 Be7 7. Bg2 c6 8. Bc3 d5 9. Nbd2 Nbd7 10. O-O Rc8 11. Re1 c5 12. cxd5 Nxd5 13. Bb2 O-O 14. a3 b5 15. e4 N5f6 16. Qe2 Qb6 17. dxc5 Nxc5 18. b4 Na4 19. Bd4 Qc7 20. Be5 Qd7 21. Rac1 Bb7 22. Ba1 Rfd8 23. Nd4 a6 24. N2b3 Rxc1 25. Rxc1 Rc8 26. Rd1 Qe8 27. Qe3 Rc7 28. Ne2 Qc8 29. h3 Nd7 30. Nf4 Nab6 31. Nh5 Nc4 32. Qe2 e5 33. f4 g6 34. fxe5 gxh5 35. Qxh5 Nf8 36. Nd4 Ne3 37. Nf5 Nxf5 38. exf5 Rc2 39. Qg4+ Kh8 40. Be4 Bxe4 41. Qxe4 Rc1 42. e6+ f6 43. Qd3 Qc6 44. Bd4 Rxd1+ 45. Qxd1 Qe4 46. g4 h5 47. Kf2 Qf4+ 48. Kg2 h4 49. Bf2 Bd6 50. Bxh4 Qh2+ 51. Kf3 Qxh3+ 52. Ke4 Be7 53. Be1 Nh7 54. Bd2 Qg2+ 55. Kd4 Kg7 56. Kc3 Qc6+ 57. Kb2 Ng5 58. Bc3 Ne4 59. Bd4 Bd6 60. Qd3 Qd5 61. Qe3 Kg8 62. Kc2 Qc4+ 63. Kb2 Qd5 64. Kc2 Bg3 65. Kd3 Nf2+ 66. Ke2 Nxg4 67. Qxg3 Qxd4 68. Kf3 Qd1+ 69. Kf4 Qd4+ 70. Kf3 Qd1+ 71. Kf4 Qd4+ {[%emt 0:00:04] Ke4} 1/2-1/2

[Event "8th RTU Open 2018"]
[Site "Riga"]
[Date "2018.08.08"]
[Round "4"]
[White "Sorensen, Hampus"]
[Black "Saveliev, Alexei"]
[Result "1/2-1/2"]
[ECO "E12"]
[WhiteElo "2267"]
[BlackElo "2382"]
[Annotator "NA"]
[PlyCount "85"]
[EventDate "2018.08.06"]
[EventType "swiss"]
[EventCountry "LAT"]
[SourceTitle "playchess.com"]
[Source "ChessBase"]
[SourceQuality "1"]
[TimeControl "5400+30"]

1. d4 Nf6 2. c4 e6 3. Nf3 b6 4. a3 Bb7 5. Nc3 Be7 6. Qc2 c5 7. e4 cxd4 8. Nxd4 d6 9. Be2 O-O 10. O-O a6 11. Be3 Qc7 12. f3 Nbd7 13. Rac1 Rac8 14. Qb1 Qb8 15. b4 Rfe8 16. Rfe1 Bd8 17. Kh1 d5 18. cxd5 exd5 19. Bd3 dxe4 20. Nxe4 Nxe4 21. Bxe4 Bxe4 22. fxe4 Rxc1 23. Qxc1 Rxe4 24. Nc6 Qc7 25. Bxb6 Rxe1+ 26. Qxe1 Qxb6 27. Qe8+ Nf8 28. Nxd8 Qf6 29. h3 g5 30. Nc6 Qf1+ 31. Kh2 Qf4+ 32. Kh1 h5 33. Qe1 Ne6 34. Ne7+ Kg7 35. Qa1+ f6 36. Qb1 Nd4 37. Qg6+ Kf8 38. Nd5 Qf1+ 39. Kh2 Nf3+ 40. gxf3 Qf2+ 41. Kh1 Qf1+ 42. Kh2 Qf2+ 43. Kh1 1/2-1/2

[Event "8th RTU Open 2018"]
[Site "Riga"]
[Date "2018.08.08"]
[Round "4"]
[White "Stauskas, Lukas"]
[Black "Chekletsov, Ilya"]
[Result "0-1"]
[ECO "E17"]
[WhiteElo "2256"]
[BlackElo "2379"]
[Annotator "NA"]
[PlyCount "68"]
[EventDate "2018.08.06"]
[EventType "swiss"]
[EventCountry "LAT"]
[SourceTitle "playchess.com"]
[Source "ChessBase"]
[SourceQuality "1"]
[TimeControl "5400+30"]

1. Nf3 Nf6 2. c4 e6 3. d4 b6 4. g3 Bb7 5. Bg2 Be7 6. O-O O-O 7. Re1 Na6 8. Ne5 d5 9. cxd5 exd5 10. Nc3 c5 11. dxc5 Nxc5 12. Nb5 Ne6 13. Be3 Bc5 14. Nd4 Qd6 15. f4 Rfe8 16. Rc1 Rac8 17. Qd3 Nxd4 18. Bxd4 Ba6 19. Bxc5 bxc5 20. Qa3 Qb6 21. e3 Red8 22. Red1 Bb5 23. g4 Be2 24. Rd2 Bxg4 25. Nxg4 Nxg4 26. Rxd5 Rxd5 27. Bxd5 Qh6 28. Rc2 Qg6 29. f5 Qg5 30. Rxc5 Nxe3+ 31. Kh1 Rd8 32. Qb3 Kh8 33. Bf3 Qf4 34. Bg2 h6 0-1

[Event "8th RTU Open 2018"]
[Site "Riga"]
[Date "2018.08.08"]
[Round "4"]
[White "Pulkkinen, Kari"]
[Black "Nikitenko, Mihail"]
[Result "1-0"]
[ECO "C92"]
[WhiteElo "2242"]
[BlackElo "2374"]
[Annotator "NA"]
[PlyCount "97"]
[EventDate "2018.08.06"]
[EventType "swiss"]
[EventCountry "LAT"]
[SourceTitle "playchess.com"]
[Source "ChessBase"]
[SourceQuality "1"]
[TimeControl "5400+30"]

1. e4 e5 2. Nf3 Nc6 3. Bb5 a6 4. Ba4 Nf6 5. O-O Be7 6. Re1 b5 7. Bb3 d6 8. c3 O-O 9. h3 Bb7 10. d4 Nd7 11. Nbd2 exd4 12. cxd4 Bf6 13. Nf1 Na5 14. Bc2 Re8 15. N1h2 c5 16. d5 Nc4 17. Rb1 Nce5 18. Nxe5 Nxe5 19. f4 Ng6 20. Nf3 a5 21. a4 b4 22. Bd3 Bh4 23. Nxh4 Qxh4 24. f5 Nf4 25. Bxf4 Qxf4 26. Qf3 Qe5 27. b3 Re7 28. Rbd1 Qf6 29. Bb5 Re5 30. Kh2 Bc8 31. g4 h6 32. Qg3 Qe7 33. Rd2 Ba6 34. Bxa6 Rxa6 35. Rde2 Ra8 36. h4 c4 37. bxc4 Rc8 38. g5 hxg5 39. hxg5 Rxc4 40. f6 Qe8 41. Qh4 b3 42. Kh1 Rc2 43. Re3 Qc8 44. Rh3 Qxh3+ 45. Qxh3 Rxg5 46. Qxb3 Rf2 47. Qb8+ Kh7 48. fxg7 Kxg7 49. Rg1 1-0

[Event "8th RTU Open 2018"]
[Site "Riga"]
[Date "2018.08.08"]
[Round "4"]
[White "Semjonovs, Ilja"]
[Black "Carlsson, Pontus"]
[Result "0-1"]
[ECO "C11"]
[WhiteElo "2242"]
[BlackElo "2442"]
[Annotator "NA RC"]
[PlyCount "88"]
[EventDate "2018.08.06"]
[EventType "swiss"]
[EventCountry "LAT"]
[SourceTitle "playchess.com"]
[Source "ChessBase"]
[SourceQuality "1"]
[TimeControl "5400+30"]

1. e4 e6 2. d4 d5 3. Nc3 Nf6 4. e5 Nfd7 5. f4 c5 6. Nf3 Nc6 7. Be3 Be7 8. Qd2 O-O 9. Be2 b6 10. O-O f5 11. dxc5 Nxc5 12. Nb5 Ne4 13. Qd1 Bc5 14. Nbd4 Qe7 15. c3 Bb7 16. Bd3 Rac8 17. Qe2 Na5 18. Rfd1 Rfd8 19. Kh1 Nc4 20. Bg1 a6 21. Rac1 b5 22. b3 Na5 23. b4 Bxd4 24. Bxd4 Nc4 25. Bxc4 dxc4 26. Nd2 Rxd4 27. cxd4 Qxb4 28. Nf3 Bd5 29. Ng5 Nxg5 30. fxg5 Qe7 31. Qd2 b4 32. h4 c3 33. Qc2 h6 34. Qa4 hxg5 35. Qxa6 Ra8 36. Qd6 Qb7 37. Rc2 gxh4 38. Kh2 Qb5 39. Qc5 Qa4 40. Rdc1 Qa5 41. Rb1 Qxc5 42. dxc5 Be4 43. Rbc1 Bxc2 44. Rxc2 Ra5 0-1

[Event "8th RTU Open 2018"]
[Site "Riga"]
[Date "2018.08.08"]
[Round "4"]
[White "Chibukhchyan, Erik"]
[Black "Gorodetzky, David"]
[Result "1/2-1/2"]
[ECO "C07"]
[WhiteElo "2214"]
[BlackElo "2451"]
[Annotator "ChessBase"]
[PlyCount "64"]
[EventDate "2018.08.06"]
[EventType "swiss"]
[EventCountry "LAT"]
[SourceTitle "playchess.com"]
[Source "ChessBase"]
[SourceQuality "1"]
[TimeControl "5400+30"]

1. e4 e6 2. d4 d5 3. Nd2 c5 4. dxc5 Nf6 5. Bd3 dxe4 6. Nxe4 Nxe4 7. Bxe4 Qxd1+ 8. Kxd1 Bxc5 9. Ke2 Nd7 10. Nf3 a6 11. c3 Nf6 12. Bc2 b6 13. Bf4 Bb7 14. Rad1 Rc8 15. Rhe1 Ke7 16. Rd2 Rhd8 17. Red1 Rxd2+ 18. Rxd2 b5 19. Rd1 Bd5 20. Bb3 h6 21. h3 Bd6 22. Bxd6+ Kxd6 23. Bxd5 Nxd5 24. a3 e5 25. g3 Ke6 26. Ne1 f5 27. Kd2 a5 28. Nc2 h5 29. h4 g6 30. Ke2 f4 31. Ne1 Rc4 32. Nf3 fxg3 1/2-1/2

[Event "8th RTU Open 2018"]
[Site "Riga"]
[Date "2018.08.08"]
[Round "4"]
[White "Kukk, Sander"]
[Black "Jablonicky, Martin"]
[Result "1-0"]
[ECO "A01"]
[WhiteElo "2194"]
[BlackElo "2361"]
[Annotator "NA"]
[PlyCount "39"]
[EventDate "2018.08.06"]
[EventType "swiss"]
[EventCountry "LAT"]
[SourceTitle "playchess.com"]
[Source "ChessBase"]
[SourceQuality "1"]
[TimeControl "5400+30"]

1. b3 e5 2. Bb2 d6 3. e3 g6 4. d4 Nd7 5. dxe5 dxe5 6. Nf3 Bg7 7. Bc4 Ne7 8. Bxf7+ Kxf7 9. Ng5+ Kf6 10. f4 h6 11. fxe5+ Nxe5 12. Bxe5+ Kxg5 13. Qf3 Bg4 14. Qf4+ Kh5 15. h3 Qd1+ 16. Kf2 Qe2+ 17. Kg1 g5 18. hxg4+ Kg6 19. Qe4+ Kf7 20. Nc3 1-0

[Event "8th RTU Open 2018"]
[Site "Riga"]
[Date "2018.08.08"]
[Round "4"]
[White "Breivik, Lars H"]
[Black "Dedebas, Emre Emin"]
[Result "1/2-1/2"]
[ECO "A14"]
[WhiteElo "2168"]
[BlackElo "2353"]
[Annotator "NA"]
[PlyCount "59"]
[EventDate "2018.08.06"]
[EventType "swiss"]
[EventCountry "LAT"]
[SourceTitle "playchess.com"]
[Source "ChessBase"]
[SourceQuality "1"]
[TimeControl "5400+30"]

1. c4 Nf6 2. g3 e6 3. Bg2 d5 4. Nf3 Be7 5. O-O O-O 6. b3 b6 7. Bb2 Bb7 8. e3 Nbd7 9. Nc3 Ne4 10. Ne2 Bf6 11. Bxf6 Ndxf6 12. d3 Nd6 13. cxd5 exd5 14. Rc1 c5 15. d4 c4 16. Ne5 b5 17. a4 a6 18. Rb1 Rb8 19. axb5 axb5 20. Qd2 Nfe4 21. Qb4 f6 22. Nf3 Qe7 23. Nd2 Nxd2 24. Qxd2 Ne4 25. Qa5 Bc6 26. bxc4 dxc4 27. Qb4 Qd7 28. Rfd1 Ng5 29. d5 Ba8 30. Nf4 1/2-1/2

[Event "8th RTU Open 2018"]
[Site "Riga"]
[Date "2018.08.08"]
[Round "4"]
[White "Jazdanovs, Aleksandrs"]
[Black "Oboladze, Luka"]
[Result "1/2-1/2"]
[ECO "B47"]
[WhiteElo "2042"]
[BlackElo "2349"]
[Annotator "NA"]
[PlyCount "59"]
[EventDate "2018.08.06"]
[EventType "swiss"]
[EventCountry "LAT"]
[SourceTitle "playchess.com"]
[Source "ChessBase"]
[SourceQuality "1"]
[TimeControl "5400+30"]

1. e4 c5 2. Nf3 e6 3. d4 cxd4 4. Nxd4 Nc6 5. Nc3 Qc7 6. g3 a6 7. Bg2 Nf6 8. O-O Be7 9. Nxc6 bxc6 10. Na4 d6 11. c4 O-O 12. f4 e5 13. Be3 Rb8 14. h3 exf4 15. Bxf4 Nd7 16. Qd4 Ne5 17. b3 Bf6 18. Qd2 Be6 19. Rad1 Rbd8 20. Nb2 Ng6 21. Bg5 Bxg5 22. Qxg5 f6 23. Qe3 Qa5 24. Nd3 Ne5 25. Rf2 Bf7 26. Rfd2 Rfe8 27. Nxe5 Qxe5 28. Qf4 Qxf4 29. gxf4 Bh5 30. Rc1 1/2-1/2

[Event "8th RTU Open 2018"]
[Site "Riga"]
[Date "2018.08.09"]
[Round "6"]
[White "Kulaots, Kaido"]
[Black "Kreisl, Robert"]
[Result "0-1"]
[ECO "A28"]
[WhiteElo "2554"]
[BlackElo "2404"]
[Annotator "ChessBase"]
[PlyCount "111"]
[EventDate "2018.08.06"]
[EventType "swiss"]
[EventCountry "LAT"]
[SourceTitle "playchess.com"]
[Source "ChessBase"]
[SourceQuality "1"]
[TimeControl "5400+30"]

1. c4 e5 2. Nc3 Nc6 3. e3 Nf6 4. Nf3 Bb4 5. Qc2 Bxc3 6. Qxc3 Qe7 7. b3 d5 8. cxd5 Nxd5 9. Qb2 O-O 10. Bc4 Rd8 11. O-O e4 12. Ne1 Ne5 13. f3 exf3 14. Nxf3 Nxc4 15. bxc4 Nb4 16. Qc3 Nd3 17. Ba3 c5 18. Ne1 Qe4 19. Nxd3 Rxd3 20. Qc1 b6 21. Bb2 Bb7 22. Rf2 Rad8 23. Bc3 R8d6 24. Qf1 Rg6 25. Re1 Qxc4 26. e4 Ba6 27. Rfe2 h6 28. Qf5 Qe6 29. Rf2 Bb7 30. a3 Rd7 31. Re3 Re7 32. h3 Bxe4 33. Qf4 c4 34. Rfe2 f5 35. Kh2 h5 36. Qh4 Qf7 37. Rf2 Ree6 38. Qd8+ Qf8 39. Qh4 Qd6+ 40. Kg1 Bd3 41. Qxh5 Rxe3 42. dxe3 Qc6 43. Qh4 Be4 44. Qd8+ Kh7 45. Qh4+ Kg8 46. Qd8+ Kh7 47. Qh4+ Rh6 48. Qe7 Qg6 49. Be5 Rh5 50. Kh2 Rg5 51. g3 Qh5 52. Qd8 Rg6 53. Bc3 b5 54. h4 Qg4 55. Be5 c3 56. Qc7 0-1

[Event "8th RTU Open 2018"]
[Site "Riga"]
[Date "2018.08.09"]
[Round "6"]
[White "Maiorov, Nikita"]
[Black "Manafov, Vugar Gulam"]
[Result "1-0"]
[ECO "E32"]
[WhiteElo "2504"]
[BlackElo "2215"]
[Annotator "ChessBase"]
[PlyCount "129"]
[EventDate "2018.08.06"]
[EventType "swiss"]
[EventCountry "LAT"]
[SourceTitle "playchess.com"]
[Source "ChessBase"]
[SourceQuality "1"]
[TimeControl "5400+30"]

1. d4 Nf6 2. c4 e6 3. Nc3 Bb4 4. Qc2 O-O 5. a3 Bxc3+ 6. Qxc3 d6 7. Nf3 Nbd7 8. g3 b6 9. Bg2 Bb7 10. O-O a5 11. b3 Qe7 12. Bb2 Ne4 13. Qc2 f5 14. Rad1 Ng5 15. d5 Nxf3+ 16. Bxf3 e5 17. e3 e4 18. Bg2 Ne5 19. Kh1 Rf6 20. f3 exf3 21. Bxf3 Rh6 22. Be2 Bc8 23. Bc1 Rf6 24. Rf2 Bd7 25. Rdf1 Rf7 26. Bh5 g6 27. Be2 c6 28. Bb2 cxd5 29. cxd5 Rc8 30. Qd1 a4 31. e4 Rcf8 32. Qd4 fxe4 33. Rxf7 Rxf7 34. Rxf7 Qxf7 35. Qxb6 Qf8 36. Bxe5 dxe5 37. bxa4 Bxa4 38. Qe6+ Qf7 39. Qxe5 Bd1 40. Qb8+ Kg7 41. Qb2+ Kg8 42. Bc4 Bf3+ 43. Kg1 Qa7+ 44. Kf1 Qf7 45. Qb8+ Kg7 46. Qe5+ Kg8 47. Qe6 e3 48. d6 Qxe6 49. Bxe6+ Kf8 50. a4 Ke8 51. a5 Kd8 52. a6 g5 53. g4 h6 54. Ke1 Bc6 55. Bf5 Bf3 56. Kf1 Bd5 57. Ke2 Bc4+ 58. Bd3 Bxa6 59. Bxa6 Kd7 60. Kxe3 Kxd6 61. Ke4 h5 62. h3 Ke6 63. Bb5 Kd6 64. Kf5 hxg4 65. hxg4 1-0